Map: Acid Plant LE

Players

Neeb - Winner!

  • Race: Protoss Protoss
  • Spawn Location: 5:00

Sioras

  • Race: Zerg Zerg
  • League: Master
  • Spawn Location: 11:00

Event: WESG 2017 Haikou

VOD

Have the link to the VOD?

Description

Time

  • Played on: March 15, 2018, 2:29 a.m.
  • Length: 9:05

All games in this series

Show
View Real Time Build Order
Export as new Build Order

Neeb Protoss - Winner!

Build Orders: 1 Gate Expand, Oracle Opening, Mass Adepts, Zealot Archon 

Get SALT Encoding   

  12  0:01  Probe  
  13  0:13  Probe  
  14  0:17  Pylon  
  14  0:25  Probe (Chrono Boost)  
  15  0:37  Probe (Chrono Boost)  
  15  0:38  Assimilator  
  16  0:45  Probe (Chrono Boost)  
  16  0:48  Gateway  
  17  0:51  Probe  
  18  1:03  Probe  
  19  1:15  Probe  
  20  1:22  Nexus  
  20  1:35  Cybernetics Core  
  20  1:36  Probe  
  21  1:42  Assimilator  
  21  1:48  Probe  
  21  1:50  Pylon  
  22  2:00  Probe  
  23  2:10  Adept (Chrono Boost)  
  23  2:12  Probe  
  23  2:13  Stargate  
  26  2:22  Warp Gate  
  26  2:24  Probe  
  26  2:28  Adept (Chrono Boost)  
  29  2:36  Probe x2  
  31  2:47  Adept  
  31  2:48  Probe x2  
  35  3:00  Oracle (Chrono Boost), Probe x2  
  40  3:11  Gateway  
  40  3:12  Probe  
  41  3:18  Probe, Gateway  
  42  3:21  Adept  
  44  3:28  Probe  
  44  3:30  Probe  
  44  3:31  Oracle (Chrono Boost)  
  44  3:36  Pylon  
  45  3:43  Probe, Pylon  
  46  3:53  Pylon  
  46  3:54  Probe  
  47  3:55  Probe  
  47  4:00  Oracle (Chrono Boost)  
  48  4:06  Probe  
  48  4:08  Probe  
  53  4:12  Assimilator  
  53  4:16  Assimilator  
  53  4:19  Probe  
  53  4:20  Probe  
  55  4:26  Adept x2  
  55  4:27  Adept  
  62  4:32  Probe  
  62  4:33  Phoenix (Chrono Boost)  
  65  4:43  Pylon  
  64  4:48  Adept  
  64  4:49  Adept x2  
  70  5:01  Probe x2  
  70  5:04  Robotics Facility  
  70  5:05  Nexus  
  72  5:10  Pylon  
  72  5:13  Probe x2  
  74  5:22  Twilight Council  
  74  5:25  Probe x2, Pylon  
  76  5:33  Void Ray  
  78  5:38  Probe x2  
  73  5:50  Probe x2  
  73  5:52  Sentry x3  
  79  5:57  Immortal (Chrono Boost), Shield Battery  
  79  5:58  Shield Battery  
  79  6:02  Probe x2  
  79  6:03  Pylon  
  85  6:14  Forge, Probe x2  
  85  6:15  Templar Archives  
  85  6:17  Probe  
  88  6:26  Probe x2  
  88  6:29  Probe  
  88  6:31  Immortal (Chrono Boost)  
  91  6:38  Probe x2  
  89  6:41  Probe  
  89  6:46  Charge  
  90  6:50  Protoss Ground Weapons Level 1 (Chrono Boost), Probe x2  
  90  6:52  Assimilator  
  90  6:53  Probe, Pylon, Assimilator  
  93  7:00  Immortal (Chrono Boost)  
  97  7:05  Gateway x2  
  97  7:07  Gateway  
  97  7:11  Gateway  
  97  7:12  Gateway  
  97  7:16  Gateway  
  97  7:18  Gateway  
  97  7:20  Gateway  
  97  7:24  Zealot, Sentry x2, Warp Prism (Chrono Boost)  
  105  7:45  Pylon  
  105  7:46  Photon Cannon  
  105  7:47  Photon Cannon  
  105  7:48  Pylon  
  105  7:50  High Templar x2  
  105  7:51  Zealot  
  111  7:53  Observer (Chrono Boost)  
  111  7:57  Archon  
  112  8:02  Nexus  
  112  8:03  Pylon  
  112  8:05  Pylon  
  112  8:10  Archon  
  112  8:12  High Templar x3  
  114  8:13  Zealot x4, High Templar  
  114  8:17  Archon x2  
  128  8:23  Zealot x3  
  134  8:30  Probe  
  135  8:37  Zealot x4  
  143  8:45  Probe  
  143  8:46  Probe  
  143  8:47  Probe  
  140  8:52  Zealot x3  
  140  8:53  Zealot x4  
Show
View Real Time Build Order
Export as new Build Order

Sioras Zerg 

Build Orders: Hatch First 

Get SALT Encoding   

  12  0:01  Drone  
  13  0:08  Drone  
  14  0:15  Extractor  
  14  0:16  Drone  
  15  0:24  Overlord  
  15  0:45  Hatchery  
  15  0:48  Drone  
  15  0:51  Drone  
  15  0:55  Drone  
  17  0:59  Drone  
  18  1:13  Spawning Pool  
  18  1:15  Extractor  
  18  1:18  Drone  
  17  1:21  Drone  
  18  1:31  Drone  
  19  1:42  Drone  
  20  1:52  Overlord  
  20  1:57  Drone  
  20  1:59  Queen x2  
  25  2:03  Zergling x2  
  25  2:08  Zergling x2  
  27  2:15  Drone  
  27  2:19  Drone  
  29  2:25  Drone  
  29  2:29  Drone  
  31  2:37  Hatchery  
  30  2:39  Drone  
  30  2:41  Queen  
  33  2:47  Overlord  
  33  2:50  Drone  
  34  2:55  Drone  
  34  2:59  Overlord  
  34  3:02  Zergling x2  
  35  3:09  Drone x2  
  35  3:10  Zergling x2  
  35  3:11  Drone x2  
  40  3:12  Overlord  
  39  3:30  Drone  
  39  3:33  Drone x2  
  37  3:34  Drone  
  37  3:36  Drone  
  37  3:39  Lair  
  37  3:40  Drone, Spore Crawler  
  37  3:41  Drone  
  40  3:44  Spore Crawler  
  40  3:47  Drone  
  40  3:50  Drone  
  40  3:52  Drone  
  42  3:59  Drone  
  42  4:01  Drone x2  
  42  4:06  Drone  
  42  4:07  Drone  
  44  4:10  Spore Crawler  
  44  4:11  Drone  
  44  4:13  Drone  
  45  4:18  Roach Warren  
  45  4:21  Drone  
  45  4:23  Drone  
  45  4:26  Drone x2  
  45  4:29  Drone x2  
  48  4:33  Overlord  
  48  4:36  Drone  
  48  4:37  Drone  
  50  4:39  Drone  
  50  4:43  Overlord  
  50  4:45  Overlord  
  47  5:01  Roach  
  47  5:02  Roach x5  
  47  5:03  Glial Reconstitution  
  58  5:08  Roach  
  58  5:10  Roach  
  62  5:14  Drone x3  
  62  5:20  Roach  
  62  5:28  Roach  
  62  5:30  Zergling x6  
  62  5:41  Roach  
  62  5:42  Drone  
  62  5:43  Drone x8  
  62  5:47  Extractor  
  67  5:53  Drone x3  
  67  5:55  Queen  
  71  6:00  Drone, Evolution Chamber  
  71  6:01  Extractor  
  70  6:04  Drone, Queen  
  70  6:06  Drone  
  74  6:14  Extractor  
  74  6:15  Overlord  
  74  6:16  Overlord x3  
  73  6:21  Overlord x2  
  73  6:26  Hydralisk Den  
  73  6:31  Zerg Missile Weapons Level 1  
  70  6:34  Drone  
  70  6:35  Drone x4  
  70  6:39  Drone  
  76  6:42  Drone  
  76  6:46  Drone x3, Spore Crawler  
  77  6:47  Drone  
  77  6:51  Drone  
  79  6:54  Drone  
  79  6:56  Drone, Grooved Spines  
  79  6:59  Lurker Den  
  79  7:01  Drone  
  81  7:05  Drone  
  81  7:08  Overlord  
  82  7:09  Drone x2  
  82  7:10  Queen  
  82  7:13  Drone x3  
  82  7:15  Drone x2  
  91  7:17  Drone  
  91  7:19  Extractor  
  91  7:20  Drone, Extractor  
  91  7:21  Drone  
  91  7:22  Drone  
  93  7:26  Overlord  
  93  7:27  Overlord  
  93  7:29  Overlord  
  92  7:36  Hydralisk x2  
  91  7:46  Hydralisk x3, Drone x4  
  101  7:53  Hydralisk x3  
  101  7:56  Hydralisk  
  109  7:58  Hydralisk  
  109  7:59  Hydralisk  
  109  8:02  Hydralisk  
  115  8:06  Hydralisk  
  117  8:15  Zergling x4  
  117  8:16  Overlord x2  
  119  8:23  Roach x3  
  119  8:24  Overlord  
  125  8:29  Lurker x2  
  118  8:38  Roach  
  118  8:39  Roach x6  
  121  8:45  Roach  
Tags
 
Add a new tag
Caveats
  • Supply blocks, unpowered buildings, or Contaminate may cause inaccurate times.
  • Supply counts are checked every 10 seconds.